 Dungeon Crawl Stone Soup version 0.29.1-13-g9f3cf754e1 (webtiles) character file.

Game seed: 1325457748353868274

707 shadowmeld the Magician (level 8, -1/54 HPs)
             Began as a Djinni Ice Elementalist on Feb 6, 2023.
             Was an Initiate of the Shining One.
             Slain by a fire bat (3 damage)
             ... on level 5 of the Dungeon.
             The game lasted 00:21:49 (5371 turns).

shadowmeld the Magician (Djinni Ice Elementalist)   Turns: 5371, Time: 00:21:50

Health: -1/54      AC:  2    Str:  7    XL:     8   Next: 0%
Gold:   246        EV: 13    Int: 18    God:    the Shining One [......] SH:  0 Dex: 15

rFire   + + .      SeeInvis .   (no weapon)
rCold   x . .      Faith    .   (no shield)
rNeg    . . .      Spirit   .   a - +0 robe
rPois   ∞          Reflect  .   (no helmet)
rElec   .          Harm     .   (no cloak)
rCorr   .          Rampage  .   (no gloves)
Will    +....                   (boots unavailable)
Stlth   +.........              s - amulet of regeneration
HPRegen 0.98/turn               g - ring of willpower
MPRegen 0.00/turn               (no ring)

@: attractive, flying, very slightly contaminated, glowing
A: sickness immunity, fire resistance 2, cold vulnerability 1, float, innate
caster, HP casting, extra vitality 1
a: Renounce Religion


You were on level 5 of the Dungeon.
You worshipped the Shining One.
The Shining One was noncommittal.
You visited 2 branches of the dungeon, and saw 8 of its levels.

You collected 246 gold pieces.

Inventory:

Missiles
 p - 12 poisoned darts
 v - 6 boomerangs of dispersal
Armour
 a - a +0 robe (worn)
Jewellery
 b - the amulet of Yesterday {Faith rPois rF+ Will+ Slay+3}
   (You acquired it on level 7 of the Dungeon)

   [amulet of faith]

   It allows you to gain divine favour quickly.
   Slay:      It affects your accuracy & damage with ranged weapons and melee
   (+3).
   rF:        It protects you from fire.
   rPois:     It protects you from poison.
   Will:      It increases your willpower.
 g - a ring of willpower (left hand)
 s - an amulet of regeneration (around neck)
Scrolls
 c - a scroll of silence {unknown}
 e - a scroll of vulnerability {unknown}
 f - a scroll of fear {unknown}
 h - 6 scrolls of teleportation
 j - 2 scrolls of enchant weapon
 k - a scroll of noise {unknown}
 m - 2 scrolls of fog
 n - a scroll of enchant armour {unknown}
 u - 2 scrolls of amnesia
 w - 2 scrolls of identify
Potions
 d - 2 potions of resistance
 i - 2 potions of cancellation {unknown}
 l - a potion of attraction
 o - a potion of degeneration {unknown}
 q - a potion of ambrosia {unknown}
 r - a potion of curing {unknown}
 t - 2 potions of brilliance {unknown}
 x - a potion of heal wounds {unknown}


   Skills:
 * Level 2.2 Fighting
 * Level 3.5 Dodging
 - Level 1.5 Stealth
 * Level 6.5 Spellcasting


You had 3 spell levels left.
You knew the following spells:

 Your Spells              Type           Power      Damage    Failure   Level
a - Freeze                Ice            100%       1d11      1%          1
b - Frozen Ramparts       Ice            58%        1d9       2%          3
c - Ozocubu's Armour      Ice            29%        N/A       2%          3
d - Hailstorm             Conj/Ice       29%        3d8       8%          4
e - Apportation           Tloc           58%        N/A       1%          1
f - Ensorcelled Hibernat  Hex/Ice        58%        N/A       1%          2
g - Ignite Poison         Fire/Tmut/Pois 29%        N/A       2%          3
Your spell library was empty.

Dungeon Overview and Level Annotations

Branches:
Dungeon (7/15)             Temple (1/1) D:5

Altars:
Cheibriados
Dithmenos
Gozag
Hepliaklqana
Makhleb
Okawaru
Qazlal
Ru
Trog
Xom
Yredelemnul
Zin
The Shining One

Shops:
D:4 *

Annotations:
D:5 1 transporter


Innate Abilities, Weirdness & Mutations

You are immune to sickness and miasma.
You are immune to poison.
Your flesh is very heat resistant. (rF++)
You are vulnerable to cold. (rC-)
You float through the air rather than walking.
You learn spells naturally, not from books.
Your magical power is your life essence.
You have superior vitality. (+4 MHP)


Message History

* * * LOW HITPOINT WARNING * * *
You are engulfed in flames.
You resist.
* * * LOW HITPOINT WARNING * * *
The fire bat misses you. The fire bat closely misses you.
Casting: Hailstorm (dangerous; 9% risk of failure)
Confirm with . or Enter, or press ? or * to list all spells.
Aiming: Ensorcelled Hibernation (safe; 1% risk of failure)
Press: ? - help, Shift-Dir - straight line, f/p - fire bat
Aim: a fire bat (flame, severely wounded, chance to affect: 67%)
The fire bat struggles to resist.
* * * LOW HITPOINT WARNING * * *
The fire bat bites you but does no damage.
The fire bat bites you.
* * * LOW HITPOINT WARNING * * *
You are engulfed in flames.
You resist. The Shining One protects you from harm!
Okay, then.
Okay, then.
Aiming: Freeze (safe; 1% risk of failure)
Press: ? - help, Q - select action, (/) - cycle Shift-Dir - straight line, f - fire bat, p - fire bat
Aim: a fire bat (moderately wounded)
Okay, then.
Casting: Freeze (safe; 1% risk of failure)
Confirm with . or Enter, or press ? or * to list all spells.
Aiming: Freeze (safe; 1% risk of failure)
Press: ? - help, Shift-Dir - straight line, f - fire bat, p - fire bat
Aim: a fire bat (moderately wounded)
You freeze the fire bat!
The fire bat is frozen!
You kill the fire bat!
* * * LOW HITPOINT WARNING * * *
The fire bat bites you.
* * * LOW HITPOINT WARNING * * *
You are engulfed in flames.
You resist. The Shining One protects you from harm!
You have reached level 8!
You feel agile.
It was a potion of attraction.
You feel attractive to monsters. The fire bat bites you.
You die...

#.# #####.......#########.#.#.
#.######.##...#.©..##.......###..
#.##......#.#########.####.## ##.
#.##.#......#○.○○○.○#.....## #.
#.##........#☼☼°°°☼○#.##.#.## ##.
#.##.#......#.○#©#..# #.##>###.#
#.##.#....#.#○.....○# #.###.#.##
#.#....#.##.#○°#.#☼☼# ##.####.##
#...........#○○.@.○○###...###.###
###........####○b○####..#........
##.#...#.#


○○☼°○☼° ##...###.### #.†......#☼°☼☼.○○○○###.## #.... #.##...###○°☼...○☼○# #.#
##### #.###.## #○○○$($○°☼# #.# #.. #.# #.# #☼☼○?©)☼☼☼###.# ##.♣ #.# #.#
###########...# #..♣ #.# #.####.#..©.# ###.# ##.♣♣ You could see a fire bat.

Vanquished Creatures
  A fire bat (D:5)
  A necrophage (D:5)
  A scorpion (D:5)
  A howler monkey (D:5)
  A hound (D:5)
  2 gnoll boudas
  An iguana (D:6)
  2 orc wizards (D:5)
  7 adders
  8 gnolls
  A shadow imp (D:6)
  An ufetubus (D:5)
  3 worms
  2 dart slugs
  9 orcs (D:5)
  11 ball pythons
  6 endoplasms
  4 giant cockroaches
  7 goblins
  A hobgoblin (D:1)
  13 jackals
  8 kobolds
  2 quokkas (D:1)
  2 bats
  4 frilled lizards (D:1)
  2 rats
101 creatures vanquished.

Vanquished Creatures (others)
  2 withered plants (D:3)
2 creatures vanquished.

Grand Total: 103 creatures vanquished

Notes
Turn   | Place    | Note
-------+----------+-------------------------------------------
     0 | D:1      | shadowmeld the Djinni Ice Elementalist began the quest for
                  | the Orb.
     0 | D:1      | shadowmeld set off with the following spells memorised:
                  | Freeze, Frozen Ramparts, Ozocubu's Armour, Hailstorm.
     0 | D:1      | Reached XP level 1. HP: 15/15 MP: 0/0
     3 | D:1      | Noticed an electric eel
     4 | D:1      | Noticed an electric eel
   346 | D:1      | Reached XP level 2. HP: 13/21 MP: 0/0
   827 | D:1      | Reached XP level 3. HP: 25/26 MP: 0/0
   827 | D:1      | Learned a level 1 spell: Apportation
  1629 | D:2      | Reached skill level 4 in Spellcasting
  1699 | D:2      | Reached XP level 4. HP: 17/31 MP: 0/0
  2279 | D:2      | Found a snail-covered altar of Cheibriados.
  2814 | D:3      | Reached skill level 1 in Fighting
  3079 | D:3      | Reached XP level 5. HP: 29/37 MP: 0/0
  3079 | D:3      | Learned a level 2 spell: Ensorcelled Hibernation
  3264 | D:3      | Found a faded altar of an unknown god.
  4010 | D:4      | Found Uwemaz's CLEARANCE SALE!.
  4168 | D:4      | Reached XP level 6. HP: 11/42 MP: 0/0
  4446 | D:4      | You are sucked into a shaft and drop 3 floors!
  4450 | D:7      | Identified a scroll of acquirement
  4451 | D:7      | Acquired the amulet of Yesterday {Faith rPois rF+ Will+
                  | Slay+3}
  4509 | D:6      | Reached skill level 5 in Spellcasting
  4584 | D:6      | Found a snail-covered altar of Cheibriados.
  4587 | D:5      | Entered Level 5 of the Dungeon
  4652 | D:5      | Found a basalt altar of Yredelemnul.
  4692 | D:5      | Reached XP level 7. HP: 31/48 MP: 0/0
  4692 | D:5      | Learned a level 3 spell: Ignite Poison
  4718 | D:5      | Found a staircase to the Ecumenical Temple.
  4727 | Temple   | Entered the Ecumenical Temple
  4884 | Temple   | Became a worshipper of the Shining One
  5053 | D:5      | Reached skill level 6 in Spellcasting
  5146 | D:5      | Found a shimmering altar of Xom.
  5282 | D:5      | Found a transporter.
  5328 | D:5      | Found a transporter.
  5365 | D:5      | Noticed a fire bat
  5365 | D:5      | Noticed a fire bat
  5369 | D:5      | HP: 2/49 [fire bat (3)]
  5369 | D:5      | The Shining One protects you from harm!
  5370 | D:5      | Killed a fire bat
  5370 | D:5      | The Shining One protects you from harm!
  5371 | D:5      | Reached XP level 8. HP: 1/54 MP: 0/0
  5371 | D:5      | Slain by a fire bat

Illustrated notes

Levels and vault maps discovered:
D:1:      arrival_aquarium_b, layout_loops_ring, serial_glass, glass_columns_b,
          glass_columns_b, glass_columns_b, glass_columns_b, glass_columns_b,
          glass_columns_b, minmay_misc_feat_doors,
          chequers_serial_rivers_micro_e, minmay_crystal_room
D:2:      layout_loops_cross, basic_altar
D:3:      layout_basic, ebering_ecumenical_altar_petrified,
          corexii_hall_statues_deadend
D:4:      layout_loops_ring, mainiacjoe_overflow_catwalk,
          grunt_decor_resistance, minivault_24,
          eino_small_chamber_without_monster, minmay_misc_feat_roman,
          nicolae_shop_clearance
D:5:      gammafunk_cloud_chamber, layout_loops_ring,
          mainiacjoe_overflow_catch_the_wave, minmay_temple_entry_sparse_star,
          uniq_duvessa
D:6:      layout_rooms, slow_altar_1, kennysheep_flooded_box,
          minmay_divided_ellipse, uniq_blork_the_orc
D:7:      layout_rooms, mainiacjoe_overflow_alcove_1, grunt_ashenzari_visionary
          [grunt_ashenzari_visionary_swamp, grunt_ashenzari_visionary_spider]
Temple:   hellmonk_temple_forest_ring

Skill      XL: |  1  2  3  4  5  6  7 |
---------------+----------------------+-----
Spellcasting   | 4 5 6 |  6.5
Fighting       | 1 2 |  2.2
Dodging        | 3 |  3.5
Stealth        | |  1.5

Action                   |  1- 3 |  4- 6 |  7- 9 || total
-------------------------+-------+-------+-------++-------
Melee: Unarmed           |       |     1 |       ||     1
 Cast: Freeze            |    60 |   102 |    20 ||   182
       Frozen Ramparts   |       |     5 |     3 ||     8
       Ozocubu's Armour  |       |     2 |     1 ||     3
       Hailstorm         |       |     1 |     4 ||     5
       Ensorcelled Hiber |       |       |     2 ||     2
  Use: Scroll            |       |     8 |       ||     8
       Potion            |       |       |     1 ||     1
Armor: Robe              |     5 |    19 |     3 ||    27
Dodge: Dodged            |    22 |    50 |    12 ||    84
